 Dungeon Crawl Stone Soup version 0.30-a0-778-g2ef04afb54 (webtiles) character file.

Game seed: 7030340663112247376

2116 Pimp the Slasher (level 9, -3/64 HPs)
             Began as a Djinni Gladiator on Feb 16, 2023.
             Was an Initiate of Okawaru.
             Slain by a wight
             ... wielding a +2 battleaxe
              (6 damage)
             ... on level 6 of the Dungeon.
             The game lasted 00:20:32 (8133 turns).

Pimp the Slasher (Djinni Gladiator)                 Turns: 8133, Time: 00:20:32

Health: -3/64      AC:  9    Str: 15    XL:     9   Next: 54%
Gold:   296        EV: 12    Int: 13    God:    Okawaru [......] SH: 10 Dex: 17

rFire   + + +      SeeInvis .    K - +2 long sword
rCold   . . .      Faith    .    q - +0 kite shield
rNeg    + . .      Spirit   .    g - +3 leather armour
rPois   ∞          Reflect  .    c - +0 helmet
rElec   .          Harm     .    t - +0 cloak
rCorr   .          Rampage  .    (no gloves)
Will    .....                    (boots unavailable)
Stlth   +++                      (no amulet)
HPRegen 0.30/turn                b - ring of Mipy Xogg {rF+ rC+ Dex+3 Stlth+}
MPRegen 0.00/turn                l - ring of positive energy

@: flying
A: sickness immunity, fire resistance 2, cold vulnerability 1, float, innate
caster, HP casting, extra vitality 1
a: Renounce Religion


You were on level 6 of the Dungeon.
You worshipped Okawaru.
Okawaru was noncommittal.
You visited 2 branches of the dungeon, and saw 8 of its levels.
You also visited: Sewer.

You collected 296 gold pieces.

Inventory:

Hand Weapons
 a - a +1 long sword
 C - a +2 short sword of venom
 K - a +2 long sword (weapon)
Missiles
 d - a throwing net (quivered)
 e - a javelin
 j - 16 poisoned darts
Armour
 c - a +0 helmet (worn)
 g - a +3 leather armour (worn)
 q - a +0 kite shield (worn)
 t - a +0 cloak (worn)
Jewellery
 b - the ring of Mipy Xogg (left hand) {rF+ rC+ Dex+3 Stlth+}
   (You acquired it on level 2 of the Dungeon)

   [ring of protection from cold]

   Dex:       It affects your dexterity (+3).
   rF:        It protects you from fire.
   rC:        It protects you from cold.
   Stlth:     It makes you more stealthy.
 l - a ring of positive energy (right hand)
 B - an amulet of faith
 F - a ring of resist corrosion
Wands
 y - a wand of paralysis (12)
 G - a wand of digging (1)
Scrolls
 f - 2 scrolls of enchant weapon
 h - a scroll of poison {unknown}
 i - 2 scrolls of immolation {unknown}
 k - a scroll of amnesia {unknown}
 m - 11 scrolls of identify
 n - 2 scrolls of magic mapping
 o - 2 scrolls of silence {unknown}
 r - 2 scrolls of noise
 u - 6 scrolls of teleportation
 w - a scroll of fear {unknown}
 x - a scroll of vulnerability {unknown}
 D - a scroll of butterflies {unknown}
 H - a scroll of blinking {unknown}
Potions
 p - a potion of haste {unknown}
 s - a potion of curing
 v - a potion of magic {unknown}
 z - a potion of experience {unknown}
 A - a potion of cancellation {unknown}
 E - a potion of ambrosia {unknown}
 I - 2 potions of mutation {unknown}
 J - a potion of attraction {unknown}


   Skills:
 + Level 4.8 Fighting
 + Level 4.5(5.8) Short Blades
 + Level 5.5(6.3) Long Blades
 + Level 1.5 Throwing
 + Level 5.2 Armour
 + Level 4.8 Dodging
 + Level 1.0 Stealth
 + Level 4.7 Shields


You couldn't memorise any spells.
You knew the following spells:

 Your Spells              Type           Power      Damage    Failure   Level
a - Foxfire               Conj/Fire      0%         2x1d4     73%         1
b - Searing Ray           Conj           0%         2d4       86%         2
c - Gell's Gravitas       Tloc           0%         N/A       97%         3
d - Fulminant Prism       Conj/Hex       0%         3d5       100%        4
Your spell library was empty.


Dungeon Overview and Level Annotations

Branches:
Dungeon (7/15)             Temple (1/1) D:4           Sewer (visited)

Altars:
Cheibriados
Dithmenos
Elyvilon
Fedhas
Nemelex Xobeh
Okawaru
Qazlal
Ru
Trog
Wu Jian
Xom
Yredelemnul
The Shining One

Shops:
D:4 *   D:5 (

Annotations:
D:3 exclusion: statue


Innate Abilities, Weirdness & Mutations

You are immune to sickness and miasma.
You are immune to poison.
Your flesh is very heat resistant. (rF++)
You are vulnerable to cold. (rC-)
You float through the air rather than walking.
You learn spells naturally, not from books.
Your magical power is your life essence.
You have superior vitality. (+4 MHP)


Message History

You barely miss the kobold brigand.
The kobold brigand is lightly wounded.
The kobold brigand hits you but does no damage.
You hit the kobold brigand.
The kobold brigand is moderately wounded.
The kobold brigand closely misses you.
You slash the kobold brigand!
The kobold brigand is severely wounded.
The kobold brigand hits you with a +0 short sword.
The orc priest looks braver for a moment.
The kobold brigand hits you but does no damage.
You closely miss the kobold brigand.
The kobold brigand is severely wounded.
The kobold brigand hits you but does no damage.
You hit the kobold brigand but do no damage.
The kobold brigand is severely wounded.
The kobold brigand hits you but does no damage.
You closely miss the kobold brigand.
The kobold brigand is severely wounded.
The kobold brigand barely misses you.
You hit the kobold brigand.
The kobold brigand is severely wounded.
The orc priest calls down the wrath of Beogh upon you.
Beogh smites you! The kobold brigand barely misses you.
The kobold brigand hits you but does no damage.
You hit the kobold brigand.
You kill the kobold brigand!
Okawaru accepts your kill.
You slash the wight!
The wight is moderately damaged.
You block the wight's attack.
The orc priest mumbles some strange prayers to Beogh against you.
Beogh smites you!
* * * LOW HITPOINT WARNING * * *
You hit the wight.
The wight is severely damaged.
The wight hits you with a +2 battleaxe!
* * * LOW HITPOINT WARNING * * *
The wight attacks as you move away! The wight hits you with a +2 battleaxe.
You die...

.......o. #.#.####:..#
♣..z.♣ #.#.#####[## #..).#
#.#.##...... #....#
#.#.##.##...
.♣##♣..c.♣##♣..#....#.##.##
...............#...........
...............##...#.#####
######''#########..##.#####
#..oz@).).....##......
#############.........
##########


You could see a wight and an orc priest.

Vanquished Creatures
  Sigmund (D:2)
  A water moccasin (D:5)
  A sky beast (D:4)
  A black bear (D:6)
  An ice beast (D:5)
  An orc warrior (D:5)
  2 centaurs (D:6)
  A kobold brigand (D:6)
  2 scorpions
  A necrophage (D:7)
  4 wights (D:6)
  A jelly (D:4)
  An orc priest (D:5)
  A hound (D:6)
  2 gnoll boudas
  Jessica (D:2)
  Ijyb (D:5)
  2 iguanas
  5 orc wizards
  16 adders
  13 gnolls
  4 river rats (Sewer)
  2 shadow imps
  A white imp (D:5)
  3 worms
  5 dart slugs
  15 orcs
  11 endoplasms
  3 giant cockroaches
  4 hobgoblins
  18 jackals
  6 quokkas
  7 ball pythons
  13 bats
  7 frilled lizards
  8 goblins
  8 kobolds
  9 rats
183 creatures vanquished.

Vanquished Creatures (others)
  An orc wizard (D:5)
  A kobold (D:6)
  A fungus (D:1)
  A plant (D:1)
4 creatures vanquished.

Grand Total: 187 creatures vanquished

Notes
Turn   | Place    | Note
-------+----------+-------------------------------------------
     0 | D:1      | Pimp the Djinni Gladiator began the quest for the Orb.
     0 | D:1      | Reached XP level 1. HP: 18/18 MP: 0/0
   207 | D:1      | Reached XP level 2. HP: 23/23 MP: 0/0
   567 | D:1      | Found a faded altar of an unknown god.
   778 | D:1      | Reached XP level 3. HP: 28/28 MP: 0/0
   778 | D:1      | Learned a level 1 spell: Foxfire
  1362 | D:2      | Reached XP level 4. HP: 33/33 MP: 0/0
  1433 | D:2      | Noticed Jessica
  1434 | D:2      | Reached skill level 1 in Armour
  1446 | D:2      | Killed Jessica
  1855 | D:2      | Reached XP level 5. HP: 37/38 MP: 0/0
  1855 | D:2      | Learned a level 2 spell: Searing Ray
  1885 | D:2      | Noticed Sigmund
  1915 | D:2      | Killed Sigmund
  1916 | D:2      | Reached skill level 1 in Shields
  1916 | D:2      | Reached XP level 6. HP: 32/45 MP: 0/0
  1920 | D:2      | Identified a scroll of acquirement
  1921 | D:2      | Acquired the ring of Mipy Xogg {rF+ rC+ Dex+3 Stlth+}
  2506 | D:3      | Found a glowing drain.
  2511 | Sewer    | Entered a sewer
  2905 | Sewer    | Reached XP level 7. HP: 25/49 MP: 0/0
  2905 | Sewer    | Learned a level 3 spell: Gell's Gravitas
  3047 | Sewer    | Reached skill level 5 in Long Blades
  3283 | D:3      | Found a sparkling altar of Nemelex Xobeh.
  3283 | D:3      | Found a basalt altar of Yredelemnul.
  3284 | D:3      | Found a snail-covered altar of Cheibriados.
  3383 | D:4      | Found Ezekk's Assorted Antiques.
  3696 | D:5      | Entered Level 5 of the Dungeon
  4587 | D:4      | Reached XP level 8. HP: 56/56 MP: 0/0
  4594 | D:4      | Reached skill level 1 in Short Blades
  5171 | D:4      | Found a staircase to the Ecumenical Temple.
  5209 | Temple   | Entered the Ecumenical Temple
  6054 | D:5      | Found Miusawulank's Weapon Emporium.
  6205 | D:5      | Found a sacrificial altar of Ru.
  6330 | D:5      | Noticed Ijyb
  6340 | D:5      | Killed Ijyb
  7003 | D:7      | Reached skill level 5 in Armour
  7003 | D:7      | Reached XP level 9. HP: 54/62 MP: 0/0
  7003 | D:7      | Learned a level 4 spell: Fulminant Prism
  7083 | D:6      | Found an iron altar of Okawaru.
  7097 | D:6      | Became a worshipper of Warmaster Okawaru
  7664 | D:6      | Reached skill level 1 in Stealth
  8132 | D:6      | HP: 3/64 [wight/+2 battleaxe (8)]
  8133 | D:6      | Slain by a wight

Illustrated notes

Levels and vault maps discovered:
D:1:      dpeg_arrival_concentric_ovals, layout_basic,
          shapermc_ecumenical_altar_petra
D:2:      layout_loops_cross, nicolae_figureground_pulse, uniq_sigmund,
          uniq_jessica
D:3:      layout_rooms, vehumet_statue, nicolae_overflow_hidden_temple,
          gup_sewer_entry_spiral
D:4:      layout_layer_cave, minmay_temple_entry_glassed_door, serial_shops,
          nicolae_stop_n_shop_2
D:5:      layout_basic, mainiacjoe_overflow_tiny_flanked, serial_shops, shop,
          nicolae_elevator_lobby_asterisk, uniq_ijyb
D:6:      layout_loops_ring, lemuel_doored_altar, grunt_decor_junction,
          kennysheep_dice
D:7:      cheibrodos_barr_body, layout_loops_ring,
          nicolae_hepliaklqana_hippocampus, kennysheep_generic_room_14
Temple:   kb_temple_of_zot

Skill      XL: |  1  2  3  4  5  6  7  8  9 |
---------------+----------------------------+-----
Long Blades    | 3 4 5 |  5.5
Armour         | 1 2 3 5 |  5.2
Shields        | 1 2 3 4 |  4.7
Dodging        | 4 |  4.8
Fighting       | 3 4 |  4.8
Short Blades   | 3 4 |  4.5
Stealth        | 1 |  1.0
Throwing       | |  1.5

Action                     |  1- 3 |  4- 6 |  7- 9 || total
---------------------------+-------+-------+-------++-------
  Melee: Long sword        |   108 |   219 |   126 ||   453
         Punch             |     2 |       |       ||     2
         Short sword       |       |       |   330 ||   330
  Throw: Throwing net      |       |       |     2 ||     2
    Use: Potion            |       |     4 |     2 ||     6
         Scroll            |       |     5 |     1 ||     6
   Stab: Sleeping          |     1 |       |     1 ||     2
         Distracted        |       |       |     1 ||     1
 Armour: Leather armour    |    33 |       |    37 ||    70
         Chain mail        |     3 |   151 |   174 ||   328
  Dodge: Dodged            |    63 |    82 |   150 ||   295
  Block: Kite shield       |    15 |   146 |   211 ||   372

Table legend: (Time is in decaauts)
 A = Elapsed time spent in this place.
 B = Non-inter-level travel time spent in this place.
 C = Inter-level travel time spent in this place.
 D = Time resting spent in this place.
 E = Time spent auto-exploring this place.
 F = Levels seen in this place.
 G = Mean time per level.
                   A        B        C        D        E       F      G
               +--------+--------+--------+--------+--------+-----+--------+
         Total |   8283 |   8060 |    223 |   1536 |   4556 |   9 |  920.3 |
       Dungeon |   7446 |   7238 |    208 |   1536 |   4042 |   7 | 1063.7 |
        Temple |    107 |     92 |     15 |      0 |     81 |   1 |  107.0 |
         Sewer |    729 |    729 |      0 |      0 |    433 |   1 |  729.0 |
               +--------+--------+--------+--------+--------+-----+--------+

Top non-repeatable levels by time:
     D:5: 2149 daAuts
     D:4: 1311 daAuts
     D:6: 1126 daAuts
     D:1: 1109 daAuts
     D:2: 1001 daAuts
   Sewer: 729 daAuts
     D:3: 668 daAuts
  Temple: 107 daAuts
     D:7: 79 daAuts
